[Event "Live Chess"]
[Site "Chess.com"]
[Date "2024.06.02"]
[Round "-"]
[White "KyryloPoluliakh"]
[Black "GwaryTek"]
[Result "0-1"]
[WhiteElo "1527"]
[BlackElo "1843"]
[TimeControl "300"]
[EndTime "4:28:09 PDT"]
[Termination "GwaryTek won by checkmate"]

1. c4 Nf6 2. Nc3 c6 3. g3 d5 4.
cxd5 cxd5 5. d4 Nc6 6. Bg2 Bf5 7.
a3 e6 8. e3 Bd6 9. Nge2 O-O 10.
O-O Rc8 11. b4 a6 12. Bb2 Re8 13. b5 Na5 14. Rc1 Nc4 15. Qb3 Nd2 16. Qd1 Nxf1 17. Bxf1 Qa5 18. Qb3 Bd3 19. Nf4 Bxf1 20. Kxf1 Bxf4 21.
gxf4 axb5 22. Nxb5 Rxc1+ 23. Bxc1 Rc8 24. Bb2 Ne4 25. Kg2 Qd2 26. Nc3 Qxf2+ 27. Kh3 Qxe3+ 28.
Kg4 f5+ 29. Kh4 Qxf4+ 30. Kh3 Qf3+ 31. Kh4 Qg4# 0-1

[Event "Live Chess"]
[Site "Chess.com"]
[Date "2024.06.02"]
[Round "-"]
[White "Andriy_Yaremovych"]
[Black "gunslinger222"]
[Result "0-1"]
[WhiteElo "1606"]
[BlackElo "2262"]
[TimeControl "300"]
[EndTime "4:28:26 PDT"]
[Termination "gunslinger222 won by resignation"]

1. e4 e6 2. Nc3 d5 3. f4 d4 4.
Nce2 c5 5. Nf3 Nc6 6. d3 f5 7. e5 Nge7 8. Nh4 Nd5 9. g3 b6 10. Bg2 Bb7 11. O-O Be7 12. Nf3 h6 13. Bd2 g5 14. c4 dxc3 15. bxc3 g4 16. Ne1 h5 17. Qb3 Na5 18. Qa4+ Bc6 19. Qa3 c4 0-1

[Event "Live Chess"]
[Site "Chess.com"]
[Date "2024.06.02"]
[Round "-"]
[White "Victor_Bondar"]
[Black "Grace6363"]
[Result "1-0"]
[WhiteElo "1461"]
[BlackElo "1151"]
[TimeControl "300"]
[EndTime "4:28:31 PDT"]
[Termination "Victor_Bondar won by resignation"]

1. e4 c5 2. c3 d5 3. e5 Nc6 4. d4 f6 5. Bb5 a6 6. Bxc6+ bxc6 7. Qe2 c4 8. e6 f5 9. Nf3 Nf6 10. Ng5 Qa5 11. Nd2 Bb7 12. Ndf3 h6 13. Nf7 Rh7 14.
Qe5 g5 15. Qxf5 Rxf7 16. exf7+ Kxf7 17. Ne5+ Ke8 18. Qg6+ Kd8 19. O-O Qc7 20. f4 Qd6 21. fxg5 hxg5 22. Nf7+ 1-0

[Event "Live Chess"]
[Site "Chess.com"]
[Date "2024.06.02"]
[Round "-"]
[White "PureDashingOctopus"]
[Black "LL220284LL"]
[Result "1-0"]
[WhiteElo "2269"]
[BlackElo "2498"]
[TimeControl "300"]
[EndTime "4:28:43 PDT"]
[Termination "PureDashingOctopus won by checkmate"]

1. e4 d6 2. d4 g6 3. Nc3 Bg7 4. Be3 c6 5. Qd2 Nd7 6. O-O-O b5 7. f3 Qa5 8. Kb1 Rb8 9. g4 Ba6 10. h4 b4 11. Nce2 Nb6 12. b3 h5 13. gxh5 Qxh5 14. Nf4 Qa5 15. Bxa6 Qxa6 16. Nge2 Nf6 17. h5 Nxh5 18.
Nxh5 Rxh5 19. Rxh5 gxh5 20. Rg1 Bf8 21. Nf4 Qa5 22.
Rh1 Qb5 23. Qf2 a5 24. Rxh5 Qa6 25. Rh8 a4 26. Qh2 Kd7 27. Qh3+ Kc7 28. Qg2 Ra8 29. Qe2 Qa5 30. Rh7 Kb7 31. Rxf7 Qg5 32. Ne6 Qg6 33. Rxf8 Qxe6 34. Rxa8 Nxa8 35. bxa4 Nc7 36. Bd2 Na6 37. d5 cxd5 38. Qb5+ Ka7 39. Be3+ Nc5 40. Bxc5+ dxc5 41. Qxc5+ Ka6 42. Qxd5 Qh3 43. Qb5+ Ka7 44.
Qxb4 Qf1+ 45. Kb2 Qxf3 46. Qxe7+ Ka6 47. e5 Qe3 48. Qd6+ Ka5 49. e6 Kxa4 50. e7 Qg5 51.
e8=Q+ Qb5+ 52. Qxb5+ Kxb5 53. Kb3 Ka5 54. Qb4+ Ka6 55.
Kc4 Ka7 56. Qb5 Ka8 57. Kc5 Ka7 58. Kc6 Ka8 59. Qb7# 1-0

[Event "Live Chess"]
[Site "Chess.com"]
[Date "2024.06.02"]
[Round "-"]
[White "NottheBishopSacrifice"]
[Black "Duke_of_Bebington"]
[Result "1-0"]
[WhiteElo "2316"]
[BlackElo "1636"]
[TimeControl "300"]
[EndTime "4:28:48 PDT"]
[Termination "NottheBishopSacrifice won by resignation"]

1. g3 d5 2. Bg2 c6 3. Nf3 Bf5 4. O-O Nf6 5. d4 e6 6. c4 Nbd7 7. b3 Bd6 8. Bb2 Bc7 9. Nbd2 O-O 10. Nh4 Bg6 11. Nxg6 hxg6 12. e4 dxe4 13. Nxe4 Nxe4 14. Bxe4 Nf6 15. Bg2 Bb6 16. Qd2 Qd7 17. Rad1 Rad8 18. Qf4 Nh5 19. Qe4 Nf6 20. Qe2 Qc7 21. a3 a5 22. c5 Ba7 23. b4 axb4 24. axb4 Bb8 25. b5 Nd5 26. bxc6 bxc6 27. Qa6 Ne7 28. Bc1 Ba7 29. Bf4 1-0

[Event "Live Chess"]
[Site "Chess.com"]
[Date "2024.06.02"]
[Round "-"]
[White "asingardenof"]
[Black "ProfPoisson"]
[Result "0-1"]
[WhiteElo "620"]
[BlackElo "1317"]
[TimeControl "300"]
[EndTime "4:28:55 PDT"]
[Termination "ProfPoisson won by resignation"]

1. d4 e6 2. c4 f5 3. Nf3 Nf6 4. g3 Bb4+ 5. Nc3 Bxc3+ 6. bxc3 Nc6 7. Bg2 Na5 8. c5 Nd5 9. Ne5 Nxc3 10. Qd3 Nd5 11.
Qf3 O-O 12. Bh3 d6 13. O-O dxe5 14. dxe5 Qe8 15. Bg5 Nc6 16. Bf4 Nd4 17. Qd3 Nxf4 18. gxf4 Qg6+ 19. Bg2 Nc6 20. Kh1 Rd8 21. Qg3 Qxg3 22.
fxg3 Rd2 23. Bf3 Nd4 24. Rfd1 Nxf3 25. Rxd2 Nxd2 26. Rd1 Ne4 27. Rd8+ Kf7 28. Rd4 b6 29. c6 a5 30. a4 Nc5 31. Kg2 Ba6 32. Kh3 Bxe2 33.
Rd7+ Nxd7 34. cxd7 Rd8 35. g4 Rxd7 36. g5 Rd3+ 37.
Kh4 g6 38. h3 Rd2 39. Kg3 Ra2 40. Kf2 Bb5+ 41. Ke3 Bxa4 42. Kd4 c5+ 43. Kc4 b5+ 0-1

[Event "Live Chess"]
[Site "Chess.com"]
[Date "2024.06.02"]
[Round "-"]
[White "Ferrarifan27"]
[Black "slava_ukr"]
[Result "0-1"]
[WhiteElo "2173"]
[BlackElo "2414"]
[TimeControl "300"]
[EndTime "4:28:57 PDT"]
[Termination "slava_ukr won by resignation"]

1. e4 d5 2. exd5 Qxd5 3. Nc3 Qd6 4. d4 c6 5. Nf3 Nf6 6. Bc4 Be6 7. Bxe6 Qxe6+ 8.
Qe2 Qxe2+ 9. Nxe2 Nbd7 10. O-O e6 11. Bf4 Be7 12. h3 O-O 13. Rfe1 h6 14. Rad1 Rfd8 15. Ng3 Rac8 16. c3 Nd5 17. Bc1 b5 18. Ne5 Nxe5 19.
Rxe5 Nb6 20. b3 c5 21. Ree1 cxd4 22. cxd4 Rc2 23. Re2 Rdc8 24. Be3 Nd5 25. Rxc2 Rxc2 26. Rd2 Nxe3 27. Rxc2 Nxc2 0-1

[Event "Live Chess"]
[Site "Chess.com"]
[Date "2024.06.02"]
[Round "-"]
[White "Queensandpawns"]
[Black "ACM42"]
[Result "1-0"]
[WhiteElo "2256"]
[BlackElo "2176"]
[TimeControl "300"]
[EndTime "4:29:07 PDT"]
[Termination "Queensandpawns won on time"]

1. e4 e6 2. c4 c5 3. Nc3 Nc6 4. g3 g6 5. Bg2 Bg7 6. Nge2 Nge7 7. d3 O-O 8. O-O a6 9. f4 Rb8 10. a4 d6 11. Qe1 Nd4 12. Nxd4 cxd4 13. Ne2 a5 14. g4 d5 15. cxd5 exd5 16. e5 Nc6 17. Qg3 Qb6 18. f5 Nxe5 19. f6 Bxf6 20. Bh6 Re8 21. Qf3 Nxg4 22. Bf4 Ra8 23. h3 Qxb2 24. Rae1 h5 25. Bc1 Qb6 26. hxg4 Bxg4 27. Qxf6 Qxf6 28. Rxf6 Rxe2 29. Rxe2 Bxe2 30. Bxd5 Rf8 31. Bh6 Rd8 32. Bc4 Rd7 33. Rxg6+ Kh7 34. Rf6 Bg4 35. Bg5 Kg7 36.
Rf4 f5 37. Bh4 Kg6 38. Bf2 Re7 39. Rxd4 Re2 40. Kf1 Rb2 41. Rd6+ Kg5 42. Be3+ Kh4 43. Bf2+ Kh3 44. Bd5 Rb1+ 45. Be1 f4 46. Bg2+ 1-0

[Event "Live Chess"]
[Site "Chess.com"]
[Date "2024.06.02"]
[Round "-"]
[White "BishopofWells"]
[Black "KeithArkell"]
[Result "0-1"]
[WhiteElo "1542"]
[BlackElo "2418"]
[TimeControl "300"]
[EndTime "4:29:22 PDT"]
[Termination "KeithArkell won by checkmate"]

1. d4 e6 2. c4 Bb4+ 3. Bd2 Bxd2+ 4. Nxd2 Nf6 5. e4 d6 6. Ngf3 Qe7 7. Be2 e5 8. d5 a5 9. O-O Bg4 10. h3 Bxf3 11. Nxf3 Nbd7 12. Qb3 Nc5 13. Qc2 Nfxe4 14. Nd2 Nxd2 15. Qxd2 O-O 16. a3 a4 17. Bd1 h6 18.
Bc2 Qg5 19. Qe2 f5 20. Rab1 f4 21. Qf3 Rae8 22. Rfe1 Re7 23. Be4 b6 24. Kh1 g6 25.
Rg1 Kg7 26. Qe2 Nxe4 27. Qxe4 Qf5 28. Qe2 e4 29. Rbe1 f3 30. gxf3 Qxh3# 0-1

[Event "Live Chess"]
[Site "Chess.com"]
[Date "2024.06.02"]
[Round "-"]
[White "Isambard_Thomas"]
[Black "Kyrylo7770"]
[Result "1-0"]
[WhiteElo "2201"]
[BlackElo "1649"]
[TimeControl "300"]
[EndTime "4:29:30 PDT"]
[Termination "Isambard_Thomas won by resignation"]

1. d4 d5 2. Nf3 Bg4 3. Bg5 h6 4. Bh4 g5 5. Bg3 e6 6. e3 Nf6 7. Bd3 Bd6 8. Nbd2 Nc6 9. c3 Ne4 10. Qc2 Bxg3 11. hxg3 Nxd2 12. Nxd2 Qf6 13. Nb3 Ne7 14.
Nc5 O-O-O 15. Qb3 b6 16. Ba6+ Kb8 17. Nd3 Bf5 18. Nb4 Be4 19. Qa4 Bxg2 20. Nc6+ Nxc6 21.
Qxc6 1-0

[Event "Live Chess"]
[Site "Chess.com"]
[Date "2024.06.02"]
[Round "-"]
[White "elis06"]
[Black "juniortay"]
[Result "1-0"]
[WhiteElo "2339"]
[BlackElo "2355"]
[TimeControl "300"]
[EndTime "4:29:59 PDT"]
[Termination "elis06 won by resignation"]

1. e4 e5 2. Nf3 Nf6 3. Nxe5 Nc6 4. Nxc6 dxc6 5. d3 Bc5 6. Be2 h5 7. h3 Qe7 8. c3 Bb6 9. Bf4 Be6 10. Nd2 O-O-O 11.
Qc2 c5 12. O-O-O Nd7 13. Kb1 g5 14. Be3 f6 15. f4 gxf4 16. Bxf4 Ne5 17. Nf3 Bf7 18.
Nxe5 fxe5 19. Be3 Qe6 20. c4 Rd7 21. g4 Kb8 22. Rhf1 Rdd8 23. Bg5 Rdg8 24. Be3 Qd7 25. Rf5 Be6 26. Rxe5 hxg4 27. hxg4 Bxg4 28. Bxg4 Rxg4 29.
Bxc5 Bxc5 30. Rxc5 Qd4 31. Rd5 Qe3 32. Qd2 Qf3 33. Rc1 b6 34. Qc3 Rhg8 35. a3 Qe2 36. Rc2 Rg1+ 37. Ka2 Qd1 38. c5 R1g6 39. cxb6 axb6 40.
Qxc7+ Ka8 41. Rd7 1-0

[Event "Live Chess"]
[Site "Chess.com"]
[Date "2024.06.02"]
[Round "-"]
[White "FlyingChessKestrel13"]
[Black "MagnersCarlsberg2870"]
[Result "1-0"]
[WhiteElo "2080"]
[BlackElo "1775"]
[TimeControl "300"]
[EndTime "4:30:22 PDT"]
[Termination "FlyingChessKestrel13 won by resignation"]

1. e4 e5 2. Nf3 Nf6 3. d4 exd4 4. e5 Ng4 5. Qxd4 d6 6. Bg5 Be7 7. Bxe7 Qxe7 8. Be2 Nxe5 9. Nxe5 Qxe5 10. Qxe5+ dxe5 11. O-O Nc6 12. Nc3 Nd4 13. Bc4 Nxc2 14. Rac1 Bf5 15. g4 Bg6 16. h4 h5 17. Nb5 O-O-O 18. Nxa7+ Kb8 19. Nb5 hxg4 20. Bb3 Nd4 21. Nxc7 Nf3+ 22. Kg2 Rxh4 23. Rh1 Rdh8 24. Nd5 Be4 25. Rxh4 Rxh4 26. Kg3 Bxd5 27. Bxd5 Rh6 28. Bxf3 gxf3 29. Kxf3 Rh4 30. Rg1 g6 31. Ke3 Rb4 32. b3 Kc7 33. Rc1+ Kd6 34. Rd1+ Ke6 35. Rc1 f5 36. Rc7 f4+ 37.
Kf3 g5 38. Kg4 Kf6 39. Rc8 e4 40. Rf8+ Kg7 41. Re8 e3 42. fxe3 fxe3+ 43. Kxg5 Rb5+ 44. Kf4 Ra5 45. a4 b5 46. axb5 Rxb5 47. Rxe3 Rb6 48. Ke5 Kf7 49. Kd5 Kf8 50. Kc5 Rh6 51. b4 Rf6 52. b5 Rh6 53. b6 Rh1 54. Kc6 Rc1+ 55.
Kb7 Kf7 56. Kb8 Rb1 57. b7 Kf6 58. Ra3 Ke7 59. Ka7 1-0

[Event "Live Chess"]
[Site "Chess.com"]
[Date "2024.06.02"]
[Round "-"]
[White "Ninifu"]
[Black "McFim"]
[Result "0-1"]
[WhiteElo "1995"]
[BlackElo "1721"]
[TimeControl "300"]
[EndTime "4:30:44 PDT"]
[Termination "McFim won on time"]

1. d4 d5 2. e4 dxe4 3. Nc3 Nf6 4. f3 exf3 5. Nxf3 Bf5 6. Ne5 c6 7. g4 Bg6 8. h4 Be4 9. Nxe4 Nxe4 10. Be3 Nd7 11.
Nxf7 Kxf7 12. Qf3+ Nef6 13. g5 Nb6 14. gxf6 exf6 15. Bd3 Qd5 16. Be4 Qa5+ 17. Bd2 Bb4 18. c3 Be7 19. a3 Nc4 20. Bf4 Nd6 21. b4 Qb5 22. Bd3 Qd5 23. Qxd5+ cxd5 24. O-O-O Rac8 25. Kb2 Nc4+ 26. Kb3 b5 27. Rhe1 Rhe8 28. Re2 a6 29.
Rde1 g6 30. h5 f5 31. hxg6+ hxg6 32. Rh1 Rh8 33. Reh2 Bf6 34. Be5 Nxe5 35. dxe5 Bxe5 36. Rxh8 Bxh8 37. Rc1 Be5 38. Be2 Kf6 39. Rc2 g5 40. Bf3 Ke6 41. Rd2 Rd8 42. Rh2 g4 0-1

[Event "Live Chess"]
[Site "Chess.com"]
[Date "2024.06.02"]
[Round "-"]
[White "MaksymYurii"]
[Black "NeilDruggan73"]
[Result "0-1"]
[WhiteElo "1005"]
[BlackElo "1698"]
[TimeControl "300"]
[EndTime "4:30:44 PDT"]
[Termination "NeilDruggan73 won on time"]

1. e4 d6 2. Nf3 Nf6 3. Bc4 g6 4. d4 Nxe4 5. O-O d5 6. Bb5+ c6 7. Ba4 Bg7 8. Bb3 O-O 9. Re1 Bg4 10. Nc3 a5 11. Nxe4 dxe4 12. h3 exf3 13. hxg4 fxg2 14. Kxg2 a4 15. Bc4 b5 16. Bd3 Qxd4 17. f3 Nd7 18. Re4 Qd6 19. Bf4 e5 20. Bg3 Rad8 21. Rb1 Nc5 22. Re3 f6 23. g5 f5 24. Qe2 f4 25.
Bxf4 exf4 26. Re4 Nxd3 27. cxd3 Qxd3 28. Re1 c5 29. Qxd3 Rxd3 30. b3 axb3 31. axb3 Rxb3 32.
Rc1 Bd4 33. Re7 c4 34. Rb7 Re8 35. Rd1 Rb2+ 36. Kh3 Bh8 37. Rdd7 c3 38. Rxh7 c2 39. Rhc7 b4 40. Rb6 b3 41. Rbc6 Rb1 42. Rxg6+ Kf8 43. Rh6 Bg7 44. Rxg7 Kxg7 45. Rh5 Rh8 46. Kg4 Rxh5 47. Kxh5 c1=Q 48. g6 Qh1+ 49. Kg5 Rg1+ 0-1

[Event "Live Chess"]
[Site "Chess.com"]
[Date "2024.06.02"]
[Round "-"]
[White "slava_ukr"]
[Black "ProfPoisson"]
[Result "0-1"]
[WhiteElo "2398"]
[BlackElo "1333"]
[TimeControl "300"]
[EndTime "4:31:03 PDT"]
[Termination "ProfPoisson won by resignation"]

1. e4 e5 2. d4 exd4 3. c3 dxc3 4. Bc4 cxb2 5. Bxb2 d5 6. Bxd5 Nf6 7. Nc3 Bb4 8.
Qa4+ c6 9. Bxf7+ Kxf7 10. Qxb4 Qe7 11. Nf3 Qxb4 12. O-O Qxb2 13. Rab1 Qxc3 0-1

[Event "Live Chess"]
[Site "Chess.com"]
[Date "2024.06.02"]
[Round "-"]
[White "JanMur7"]
[Black "JohanKjeldahl"]
[Result "1-0"]
[WhiteElo "2291"]
[BlackElo "1791"]
[TimeControl "300"]
[EndTime "4:31:08 PDT"]
[Termination "JanMur7 won by resignation"]

1. c4 e5 2. Nc3 Nf6 3. Nf3 Nc6 4.
e4 Bc5 5. Nxe5 Bxf2+ 6. Kxf2 Nxe5 7. d4 Neg4+ 8. Ke1 d6 9. h3 Nh6 10. Bxh6 gxh6 11. Be2 Rg8 12. g4 h5 13. e5 dxe5 14. dxe5 Nd7 15. e6 Qh4+ 16. Kd2 fxe6 17. Nb5 Qg5+ 18.
Kc2 Qc5 19. b4 Qxb4 20. Nxc7+ Ke7 21. Nxa8 b6 22. Qd3 Rg7 23. Nc7 Bb7 24. Rhd1 Qa4+ 25. Qb3 Be4+ 26. Kb2 Qxb3+ 27. axb3 a5 28. Rd4 Nc5 29.
Rad1 hxg4 30. Bxg4 h5 31. Bxe6 Rg2+ 32. R1d2 Rxd2+ 33. Rxd2 Nxe6 34. Nxe6 Kxe6 35. Kc3 Ke5 36. Rd8 h4 37. Rh8 1-0

[Event "Live Chess"]
[Site "Chess.com"]
[Date "2024.06.02"]
[Round "-"]
[White "road2gm5000"]
[Black "elephantgerrald"]
[Result "0-1"]
[WhiteElo "1087"]
[BlackElo "876"]
[TimeControl "300"]
[EndTime "4:31:36 PDT"]
[Termination "elephantgerrald won - game abandoned"]

1. e4 e5 2. Nf3 Nc6 3. Bb5 Nf6 4. Bxc6 bxc6 5. Nc3 Ba6 6. d3 Bd6 7. O-O O-O 8. Re1 Bb4 9. Bd2 Bxc3 10. Bxc3 Rb8 11. Bxe5 d6 12. Bd4 c5 13. Bc3 Re8 14. Qd2 h6 15. e5 dxe5 16. Rxe5 Rxe5 17. Nxe5 Qd6 18. Re1 Re8 19. h3 c4 20. Nxc4 Rxe1+ 21. Qxe1 Bxc4 22.
dxc4 Kh7 23. Qe5 Qd1+ 24. Qe1 Qxc2 25. Bxf6 gxf6 26. Qc3 Qd1+ 27. Kh2 Qd6+ 28. Qg3 Qb4 29. Qd3+ Kg7 30. Qc3 Qd6+ 31. g3 Qa6 32. a3 c5 33.
b4 Qc6 0-1

[Event "Live Chess"]
[Site "Chess.com"]
[Date "2024.06.02"]
[Round "-"]
[White "gunslinger222"]
[Black "KyryloPoluliakh"]
[Result "1-0"]
[WhiteElo "2262"]
[BlackElo "1527"]
[TimeControl "300"]
[EndTime "4:31:56 PDT"]
[Termination "gunslinger222 won by checkmate"]

1. d4 Nf6 2. c4 g6 3. Nc3 Bg7 4.
e4 O-O 5. Nge2 d6 6. Ng3 Nc6 7.
Be2 e5 8. d5 Ne7 9. h4 h5 10.
Bg5 Nh7 11. Bxh5 gxh5 12. Nxh5 Nxg5 13. hxg5 Ng6 14. Nxg7 Kxg7 15. Qd2 Nf4 16. g3 Ng6 17. O-O-O f6 18. f4 exf4 19. gxf4 f5 20. Qd4+ Kg8 21.
Rh6 Qe8 22. Rdh1 Bd7 23. Rh8+ Nxh8 24. Qxh8+ Kf7 25. Rh7+ Kg6 26. Qg7# 1-0

[Event "Live Chess"]
[Site "Chess.com"]
[Date "2024.06.02"]
[Round "-"]
[White "upoe610"]
[Black "lateforthesky"]
[Result "1-0"]
[WhiteElo "2141"]
[BlackElo "2061"]
[TimeControl "300"]
[EndTime "4:32:00 PDT"]
[Termination "upoe610 won on time"]

1. c4 g6 2. g3 Bg7 3. Bg2 d6 4.
Nc3 e5 5. d3 Nc6 6. Nf3 Nf6 7.
O-O O-O 8. Rb1 a5 9. a3 Re8 10.
b4 axb4 11. axb4 e4 12. Nd2 exd3 13. exd3 Bf5 14. Nde4 Nxe4 15. Nxe4 Nd4 16. Bb2 Qd7 17. Re1 c6 18. b5 Ra2 19. bxc6 bxc6 20. Bxd4 Bxd4 21.
Qb3 Qa7 22. Nf6+ Bxf6 23. Rxe8+ Kg7 24. Rf1 Bd4 25. Qb8 Qxb8 26. Rxb8 Bxd3 27. Rd1 Bxf2+ 28.
Kh1 Bxc4 29. Bxc6 Bc5 30. Bd5 Bxd5+ 31. Rxd5 h5 32. Rb1 h4 33. gxh4 Ra4 34. h5 gxh5 35.
Rxh5 Ra2 36. Rf1 Rf2 37. Rxf2 Bxf2 38. Kg2 Bc5 39. Kf3 Kg6 40. Rd5 f6 41. Kg4 Bb4 42. h4 Bc5 43. h5+ Kh6 44. Rf5 Bd4 45. Rf4 Be5 46. Rf1 d5 47. Kf5 d4 48. Ke4 Kxh5 49.
Kf5 Kh4 50. Rf3 Bg3 51. Ra3 Kh3 52. Ke4 Kg2 53. Kxd4 Be5+ 54. Ke4 Kf2 55. Ra2+ Kg3 56. Ra3+ Kf2 57. Rf3+ Ke2 58. Rh3 Kd2 59. Rh8 Kc2 60.
Rc8+ Kb3 61. Kd3 Kb4 62. Rc6 Kb5 63. Rc1 Kb6 64. Kc4 Kc7 65. Kd5+ Kd7 66. Rh1 Kc7 67. Rh7+ Kb6 68. Rh8 Kb5 69. Rc8 Kb4 70. Rc4+ Kb5 71.
Re4 Ka5 72. Kc5 Bb2 73. Re2 1-0

[Event "Live Chess"]
[Site "Chess.com"]
[Date "2024.06.02"]
[Round "-"]
[White "Tatarinov_Maxim"]
[Black "r0ad_t0-gm"]
[Result "0-1"]
[WhiteElo "2286"]
[BlackElo "2279"]
[TimeControl "300"]
[EndTime "4:32:05 PDT"]
[Termination "r0ad_t0-gm won on time"]

1. Nf3 Nf6 2. g3 g6 3. Bg2 Bg7 4. O-O O-O 5. c4 c5 6. Nc3 Nc6 7. d4 d6 8. d5 Na5 9. Nd2 e6 10. dxe6 Bxe6 11. Nd5 Bxd5 12. cxd5 b5 13. Qc2 Nd7 14.
Rd1 Ne5 15. Nf3 Nec4 16. Rb1 Re8 17. b3 Nb6 18. Bb2 Qe7 19. Bxg7 Kxg7 20. Qc3+ Kg8 21. Qxa5 Qxe2 22. Qd2 Qe7 23. Re1 Qd7 24. Rxe8+ Rxe8 25. Re1 a6 26. Rxe8+ Qxe8 27. Ng5 h6 28. Ne4 Qe5 29. Qc3 Nxd5 30. Qxe5 dxe5 31. Nxc5 Nb4 32. a3 Nc2 33. Nxa6 Nxa3 34. Bc6 Kf8 35. Nc7 b4 36. Nd5 Nc2 37. Bb5 h5 38. Kf1 Nd4 39. Bc4 Nc6 40. Ke2 f5 41. Kd3 Kg7 42. Bb5 Na5 43. Ba4 g5 44. Nxb4 Kf6 45. Nd5+ Ke6 46. Ne3 f4 47. Nc4 Nb7 48. b4 Kd5 49. Bb3 e4+ 50. Kc3 Nd8 51.
Bd1 h4 52. gxh4 gxh4 53. Bg4 Nf7 54. Nb6+ Kc6 55. Nd7 Kd5 56. b5 Nd6 57. Kb4 Kd4 58. b6 f3 59. Nc5 e3 60. fxe3+ Kxe3 61. b7 Nxb7 62. Nxb7 f2 63. Bh3 Ke2 64. Nd6 f1=Q 65. Bxf1+ Kxf1 66. Nf5 h3 67. Nh4 Kg1 68. Kc3 Kxh2 69.
Kd3 Kg3 70. Nf5+ Kf4 71. Ne3 h2 72. Ke2 h1=Q 73. Nf1 Qf3+ 74. Ke1 Qe4+ 75. Kf2 Qc2+ 76. Ke1 Kf3 77. Nd2+ Ke3 78. Nf1+ Kd3 79. Ng3 Qg2 0-1

[Event "Live Chess"]
[Site "Chess.com"]
[Date "2024.06.02"]
[Round "-"]
[White "f4nomore"]
[Black "ACM42"]
[Result "0-1"]
[WhiteElo "1275"]
[BlackElo "2176"]
[TimeControl "300"]
[EndTime "4:32:11 PDT"]
[Termination "ACM42 won by resignation"]

1. c3 Nf6 2. d4 b6 3. Nf3 Bb7 4.
e3 g6 5. Be2 Bg7 6. O-O O-O 7.
Na3 d6 8. Nc2 c5 9. Bd2 Nbd7 10.
b4 Qc7 11. bxc5 bxc5 12. dxc5 Nxc5 13. Rb1 Be4 14. Be1 Na4 15. Nd2 Nxc3 16. Nxe4 Nxd1 17. Bxd1 Nxe4 18. Nd4 Rfc8 19. Bf3 d5 20. Bb4 Rab8 21.
a3 a5 0-1

[Event "Live Chess"]
[Site "Chess.com"]
[Date "2024.06.02"]
[Round "-"]
[White "Dhaydon19"]
[Black "RichardABates"]
[Result "1/2-1/2"]
[WhiteElo "2642"]
[BlackElo "2334"]
[TimeControl "300"]
[EndTime "4:32:18 PDT"]
[Termination "Game drawn - insufficient material"]

1. d4 Nf6 2. Nf3 e6 3. c3 c5 4. g3 Nc6 5. Bg2 cxd4 6. cxd4 d5 7. Nc3 Bd6 8. O-O O-O 9. Bf4 Bxf4 10. gxf4 Ne4 11. Rc1 Bd7 12. e3 Nxc3 13. Rxc3 f6 14. Qd2 Qe7 15. a3 a5 16. Rfc1 a4 17. Ne1 Na5 18.
Qd1 Nb3 19. R1c2 Rfc8 20. Nd3 b6 21. Rxc8+ Rxc8 22. Rxc8+ Bxc8 23. Qc2 Ba6 24. f5 Bc4 25. Nf4 Qd6 26. Nxe6 b5 27. Qc3 Kf7 28. Nf4 g5 29.
fxg6+ hxg6 30. Qc2 f5 31. h4 Nxd4 32. Qd2 Nb3 33.
Bxd5+ Bxd5 34. Qxd5+ Qxd5 35. Nxd5 Nc5 36. Nc3 Nd3 37.
Nd1 Ke6 38. Kf1 Kd5 39. Ke2 Kc4 40. Kd2 Ne5 41. Ke2 Kb3 42. Nc3 b4 43. axb4 a3 44. bxa3 Kxc3 45. b5 Kc4 46. b6 Kc5 47. b7 Nd7 48.
Kf3 Kc6 49. Kf4 Kxb7 50. Kg5 Ne5 51. f4 Nf3+ 52. Kxg6 Nxh4+ 53. Kg5 Ng2 54. Kxf5 Nxe3+ 55. Ke4 Ng4 56. f5 Kb6 57. Kf4 Nf6 58. Ke5 Nh5 59. Ke6 Kb5 60. Kf7 Ka4 61. Kg6 Nf4+ 62. Kg7 Nd5 63. Kf7 Kxa3 64. Ke6 Nf4+ 65. Ke5 Nh5 66.
f6 Nxf6 1/2-1/2

[Event "Live Chess"]
[Site "Chess.com"]
[Date "2024.06.02"]
[Round "-"]
[White "booktrunk"]
[Black "E2E4colchester"]
[Result "1-0"]
[WhiteElo "1499"]
[BlackElo "1369"]
[TimeControl "300"]
[EndTime "4:33:15 PDT"]
[Termination "booktrunk won by checkmate"]

1. d4 d5 2. Nc3 Nf6 3. Bf4 e6 4. Nb5 Bd6 5. Nxd6+ cxd6 6. e3 O-O 7. Nf3 Nc6 8. Bb5 a6 9. Ba4 b5 10. Bb3 Re8 11. a4 Bb7 12. axb5 axb5 13. Rxa8 Qxa8 14. Bxd6 Qa5+ 15. Qd2 Qa1+ 16. Qd1 Qxd1+ 17. Kxd1 Rd8 18. Bc5 Ne4 19. Ke2 Nb4 20. Bb6 Rc8 21. c3 Nc2 22.
Bxc2 h6 23. Bxe4 dxe4 24. Ne5 b4 25. Rc1 b3 26. Ra1 f6 27. Nd7 Rc6 28. Bc5 Kf7 29. Bb4 Rc7 30. Nc5 Bd5 31. Ra3 Bc4+ 32. Kd2 Kg6 33. Nxb3 Bf1 34. g3 Bc4 35. Nc5 e5 36. dxe5 fxe5 37. Ke1 Kg5 38. Ra1 Kh5 39. Rd1 g6 40. Rd6 Kg5 41. Ne6+ Bxe6 42. Rxe6 Kf5 43.
Re7 Rc6 44. Rf7+ Kg5 45. Be7+ Kh5 46. h3 Rb6 47. g4# 1-0

[Event "Live Chess"]
[Site "Chess.com"]
[Date "2024.06.02"]
[Round "-"]
[White "Bradfield133"]
[Black "Harry_Li"]
[Result "0-1"]
[WhiteElo "1842"]
[BlackElo "2164"]
[TimeControl "300"]
[EndTime "4:33:26 PDT"]
[Termination "Harry_Li won on time"]

1. c4 e5 2. g3 Nf6 3. Bg2 h6 4. Nc3 Bb4 5. Qb3 Bxc3 6. Qxc3 d6 7. e3 O-O 8. Ne2 e4 9. O-O Nc6 10. f3 Re8 11. Nf4 exf3 12. Bxf3 Ne5 13. Bg2 c6 14. d4 Ned7 15. Bd2 Qe7 16. Rae1 Ne4 17. Qc2 Ndf6 18. Bc1 d5 19. cxd5 cxd5 20. Qb3 Qd6 21. Nd3 b6 22.
Qb4 Qe6 23. Nf4 Qc6 24. Qb3 a5 25. a4 Ba6 26. Nd3 Rac8 27. Rf5 Bxd3 28. Qxd3 g6 29. Rff1 Qxa4 30. Qa6 Qc6 31. Bh3 Ra8 32. Qe2 Kg7 33.
Qf3 Ng5 34. Qg2 Nxh3+ 35. Qxh3 Ne4 36. Qg2 Rac8 37. Qf3 Rc7 38. Re2 b5 39. Rg2 b4 40.
h4 h5 41. g4 hxg4 42. Rxg4 Rh8 43. Rf4 Qe6 0-1

[Event "Live Chess"]
[Site "Chess.com"]
[Date "2024.06.02"]
[Round "-"]
[White "RamsayFlayer"]
[Black "Zhevzh1k7"]
[Result "1-0"]
[WhiteElo "1925"]
[BlackElo "1106"]
[TimeControl "300"]
[EndTime "4:33:38 PDT"]
[Termination "RamsayFlayer won by resignation"]

1. e4 c6 2. d4 d5 3. Nc3 dxe4 4. Nxe4 Bf5 5. Ng3 Bg6 6. Nf3 Nf6 7. Bd3 Bxd3 8. Qxd3 Nbd7 9. O-O e6 10. Ne4 Nxe4 11. Qxe4 Be7 12. Bf4 Nf6 13. Qd3 O-O 14. Be5 Bd6 15.
Ng5 g6 16. Qh3 h5 17. Qf3 Bxe5 18. dxe5 Nd5 19. Ne4 Qb6 20. b3 Nb4 21. Qf4 Nxc2 22.
Qh6 f6 23. Qxg6+ Kh8 24. exf6 Qc7 25. Ng5 Nxa1 26. f7 Rxf7 27. Nxf7+ Qxf7 28. Qxf7 1-0

[Event "Live Chess"]
[Site "Chess.com"]
[Date "2024.06.02"]
[Round "-"]
[White "Kyrylo7770"]
[Black "BishopofWells"]
[Result "1-0"]
[WhiteElo "1655"]
[BlackElo "1536"]
[TimeControl "300"]
[EndTime "4:34:11 PDT"]
[Termination "Kyrylo7770 won by resignation"]

1. d4 d5 2. Nf3 h6 3. Bf4 Bg4 4. e3 e6 5. Be2 Bd6 6. Ne5 Bxe2 7. Qxe2 Nf6 8. Nc3 c6 9. O-O Qb6 10. Rab1 Bxe5 11. Bxe5 Qd8 12. Na4 Nbd7 13. Bg3 b6 14. Qa6 O-O 15. Nc3 c5 16. dxc5 bxc5 17. Qd6 Qb6 18. Qf4 Nh5 19. Qg4 Nxg3 20. fxg3 c4 21. Rf3 Nf6 22. Qf4 Rad8 23. g4 d4 24. Ne4 Nxe4 25. Qxe4 dxe3 26. Rxe3 Rd2 27. Re1 Qxb2 28. Kh1 Rxc2 29. Rg3 Qxa2 30. g5 Rf2 31. gxh6 f6 32. Rxg7+ 1-0

[Event "Live Chess"]
[Site "Chess.com"]
[Date "2024.06.02"]
[Round "-"]
[White "elis06"]
[Black "Hoogleboogle"]
[Result "1-0"]
[WhiteElo "2339"]
[BlackElo "1309"]
[TimeControl "300"]
[EndTime "4:34:27 PDT"]
[Termination "elis06 won by checkmate"]

1. d4 Nf6 2. Nf3 e6 3. Bf4 d5 4.
e3 Bd6 5. Ne5 Nc6 6. Nd2 O-O 7.
Bd3 Ne7 8. c3 Nf5 9. g4 Ne7 10. g5 Nd7 11. Qh5 g6 12. Qg4 Nxe5 13. dxe5 Bc5 14. O-O-O Nf5 15. e4 dxe4 16. Nxe4 Bb6 17.
Nf6+ Kh8 18. Bxf5 Qe7 19. Qh4 Qxf6 20. exf6 exf5 21. Qh6 Rg8 22. Rd8 Be3+ 23. fxe3 Rxd8 24. Qg7# 1-0